[Event "France Jeunes Belfort 2017"]
[Site "Belfort"]
[Date "2017.04.20"]
[Round "6.3"]
[White "Georges, Lisa"]
[Black "Imperor, Amelie"]
[Result "1/2-1/2"]
[ECO "B40"]
[WhiteElo "1704"]
[BlackElo "1820"]
[PlyCount "109"]
[EventDate "2017.??.??"]
[TimeControl "6000+780"]
[WhiteClock "0:33:12"]
[BlackClock "0:02:45"]

1. e4 c5 2. Nf3 e6 3. g3 d6 4. Bg2 Nf6 5. Qe2 Nc6 6. O-O Be7 7. Re1 e5 8. c3
O-O 9. Na3 Qc7 10. Nc2 Rb8 11. d4 b5 12. b4 exd4 13. bxc5 d3 14. Qxd3 Ne5 15.
cxd6 Bxd6 16. Nxe5 Bxe5 17. Nd4 Rd8 18. f4 Qxc3 19. Qxc3 Bxd4+ 20. Qxd4 Rxd4
21. Bb2 Rd8 22. Be5 Rb7 23. Rac1 Be6 24. a3 Bc4 25. Red1 Rbd7 26. Rxd7 Rxd7 27.
Bf1 Ng4 28. Bxc4 bxc4 29. Kg2 Nxe5 30. fxe5 Rc7 31. Kf3 Kf8 32. Ke3 Ke7 33. Kd4
Rd7+ 34. Kc5 Ke6 35. Rxc4 Rc7+ 36. Kb5 Rxc4 37. Kxc4 Kxe5 38. Kd3 g6 39. a4 a5
40. Kc4 Kxe4 41. Kb5 Kd5 42. Kxa5 Kc5 43. Ka6 f5 44. Kb7 Kb4 45. Kc6 Kxa4 46.
Kd5 Kb4 47. Ke5 Kc4 48. Kf4 Kd4 49. h4 Kd3 50. h5 Ke2 51. hxg6 hxg6 52. Kg5 Kf3
53. Kxg6 Kg4 54. Kf6 Kxg3 55. Kxf5 1/2-1/2

[Event "France Jeunes Belfort 2017"]
[Site "Belfort"]
[Date "2017.04.20"]
[Round "6.3"]
[White "Kollar, Romain"]
[Black "Gatineau, Yovann"]
[Result "0-1"]
[ECO "B90"]
[WhiteElo "2072"]
[BlackElo "2214"]
[PlyCount "96"]
[EventDate "2017.??.??"]
[TimeControl "6000+2490"]
[WhiteClock "0:01:56"]
[BlackClock "0:25:57"]

1. e4 c5 2. Nf3 d6 3. d4 Nf6 4. Nc3 cxd4 5. Nxd4 a6 6. f3 e5 7. Nb3 Be6 8. Be3
Be7 9. Qd2 O-O 10. O-O-O a5 11. a4 Nc6 12. Nd5 Bxd5 13. exd5 Nb4 14. c4 Qd7 15.
Kb1 Qxa4 16. Nc1 Rfc8 17. g4 Nd7 18. Be2 Nc5 19. Bxc5 Rxc5 20. Rde1 Rac8 21. b3
Qe8 22. Nd3 Nxd3 23. Bxd3 Bh4 24. Re4 Qd8 25. f4 exf4 26. Qxf4 Qb6 27. Bc2 Bf6
28. Qf5 Be5 29. Rf1 Qc7 30. Rxe5 dxe5 31. Qxh7+ Kf8 32. Qh8+ Ke7 33. Qxg7 Rf8
34. Re1 Qd6 35. Qxe5+ Qxe5 36. Rxe5+ Kd6 37. Rh5 a4 38. Kb2 b5 39. Rh6+ Ke5 40.
Rc6 Rc8 41. cxb5 a3+ 42. Kxa3 R8xc6 43. dxc6 Rxc2 44. Kb4 Kd6 45. h4 Rg2 46.
Ka5 Kc7 47. h5 Rxg4 48. Ka6 Rg2 0-1

[Event "France Jeunes Belfort 2017"]
[Site "Belfort"]
[Date "2017.04.20"]
[Round "6.3"]
[White "Lamard, Guillaume"]
[Black "Dudognon, Thibault"]
[Result "1-0"]
[ECO "B18"]
[WhiteElo "2307"]
[BlackElo "2218"]
[PlyCount "75"]
[EventDate "2017.??.??"]
[TimeControl "6000+705"]
[WhiteClock "0:40:16"]
[BlackClock "0:13:44"]

1. e4 c6 2. d4 d5 3. Nd2 dxe4 4. Nxe4 Bf5 5. Ng3 Bg6 6. Nh3 e6 7. Nf4 Bd6 8. c3
Ne7 9. h4 Qc7 10. Qf3 Nd5 11. Nxd5 cxd5 12. h5 Bc2 13. h6 gxh6 14. Nh5 Bg6 15.
Nf6+ Kd8 16. Bxh6 Kc8 17. Bd3 Nc6 18. Bg5 a6 19. Bxg6 fxg6 20. Qg4 Nd8 21. Nxd5
Qc6 22. Ne7+ Bxe7 23. Bxe7 Qd7 24. Bg5 Nc6 25. O-O-O Qd5 26. Kb1 h5 27. Qg3 Rf8
28. Be3 Qf5+ 29. Ka1 Rd8 30. Rh4 Rd5 31. Rf4 Qc2 32. Rc1 Qd3 33. Rf7 Rd7 34.
Rf6 Ne7 35. Rf8+ Rd8 36. Rxd8+ Kxd8 37. Qd6+ Ke8 38. Bg5 1-0

[Event "France Jeunes Belfort 2017"]
[Site "Belfort"]
[Date "2017.04.20"]
[Round "6.3"]
[White "Leriche, Ines"]
[Black "Benezra, Esther"]
[Result "1-0"]
[ECO "A90"]
[WhiteElo "2037"]
[BlackElo "1761"]
[PlyCount "99"]
[EventDate "2017.??.??"]
[TimeControl "6000+985"]
[WhiteClock "0:00:34"]
[BlackClock "0:02:05"]

1. d4 e6 2. c4 f5 3. g3 Nf6 4. Bg2 c6 5. Nf3 d5 6. O-O Bd6 7. Nbd2 O-O 8. b3 b6
9. Bb2 Qe7 10. Rc1 Bb7 11. Ne5 a5 12. Nb1 a4 13. bxa4 Nbd7 14. cxd5 exd5 15.
Nxc6 Qe6 16. a3 Bxg3 17. hxg3 Bxc6 18. Nc3 Ng4 19. e3 Qh6 20. Re1 Ndf6 21. Nb5
Bxb5 22. axb5 Ne4 23. Re2 Nexf2 24. Bxd5+ Kh8 25. Rxf2 Nxf2 26. Kxf2 Rae8 27.
Qf3 f4 28. gxf4 g5 29. Rh1 Qg6 30. Bb3 h6 31. Qh5 Qxh5 32. Rxh5 gxf4 33. exf4
Rxf4+ 34. Kg3 Ree4 35. d5+ Kg8 36. d6+ Kf8 37. Rxh6 Ke8 38. Bc1 Rf1 39. Bd2 Rd4
40. Kg2 Rf5 41. Bc1 Rg4+ 42. Kh2 Rf2+ 43. Kh3 Rfg2 44. Rh8+ Kd7 45. Bd5 R2g3+
46. Kh2 Rg1 47. Be3 R1g3 48. Bc6+ Ke6 49. Rh6+ Kf7 50. Bxb6 1-0

[Event "France Jeunes Belfort 2017"]
[Site "Belfort"]
[Date "2017.04.20"]
[Round "6.3"]
[White "Milojevic-Daim, Lola-Shaina"]
[Black "Marcellier, Lucie"]
[Result "0-1"]
[ECO "C49"]
[WhiteElo "1348"]
[BlackElo "1557"]
[PlyCount "50"]
[EventDate "2017.??.??"]
[TimeControl "6000+680"]
[WhiteClock "0:48:19"]
[BlackClock "0:43:07"]

1. e4 e5 2. Nf3 Nc6 3. Nc3 Nf6 4. Bb5 Bb4 5. O-O O-O 6. d3 d6 7. Bg5 Bxc3 8.
bxc3 Qe7 9. Re1 Nd8 10. d4 Ne6 11. dxe5 dxe5 12. Bh4 Nf4 13. Bg3 N6h5 14. Bxf4
Nxf4 15. g3 Nh3+ 16. Kg2 Qc5 17. Qe2 Bg4 18. c4 Ng5 19. Qe3 Bxf3+ 20. Kf1 Qxe3
21. Rxe3 Bg4 22. h4 Nf3 23. c3 a6 24. Ba4 Nd2+ 25. Ke1 Nxc4 0-1

[Event "France Jeunes Belfort 2017"]
[Site "Belfort"]
[Date "2017.04.20"]
[Round "6.3"]
[White "Piacentini, Angelina"]
[Black "Gospodaru, Teodora"]
[Result "0-1"]
[ECO "B20"]
[WhiteElo "1391"]
[BlackElo "1827"]
[PlyCount "62"]
[EventDate "2017.??.??"]
[TimeControl "6000+725"]
[WhiteClock "0:47:58"]
[BlackClock "0:32:55"]

1. e4 c5 2. Bc4 g6 3. Nf3 Nc6 4. c3 Bg7 5. Qe2 a6 6. d3 d6 7. Bf4 Na5 8. Nbd2
Nxc4 9. Nxc4 b5 10. Ne3 Bb7 11. O-O Nf6 12. Rfe1 O-O 13. Rad1 Rc8 14. e5 Nh5
15. g3 Bxf3 16. Qxf3 dxe5 17. Bg5 f6 18. Bh4 Qe8 19. g4 Nf4 20. g5 f5 21. Bg3
Nh3+ 22. Kg2 Nxg5 23. Qd5+ e6 24. Qd6 Rc6 25. Qxf8+ Qxf8 26. f4 exf4 27. Bxf4
Nf7 28. Nc2 g5 29. Bg3 f4 30. Bf2 Nh6 31. h3 f3+ 0-1

[Event "France Jeunes Belfort 2017"]
[Site "Belfort"]
[Date "2017.04.20"]
[Round "6.3"]
[White "Roux, Baptiste"]
[Black "Giammari, Santu"]
[Result "1-0"]
[ECO "B06"]
[WhiteElo "1934"]
[BlackElo "1794"]
[PlyCount "73"]
[EventDate "2017.??.??"]
[TimeControl "6000+1070"]
[WhiteClock "0:21:01"]
[BlackClock "0:07:23"]

1. d4 d6 2. e4 g6 3. Nc3 Bg7 4. Be3 a6 5. f3 b5 6. Qd2 Nd7 7. g4 h5 8. gxh5
Rxh5 9. Nge2 Bb7 10. Ng3 Rh8 11. h4 Ngf6 12. Bg2 Nb6 13. b3 Nh5 14. Nxh5 Rxh5
15. O-O-O a5 16. Ne2 a4 17. Ng3 Rh8 18. h5 axb3 19. cxb3 Ra3 20. hxg6 fxg6 21.
Rxh8+ Bxh8 22. Rh1 Kf7 23. Rh7+ Kg8 24. Rh6 Qa8 25. Kb1 Qe8 26. d5 Bg7 27. Rh1
Ra8 28. Bd4 Qf7 29. Qc3 Bxd4 30. Qxd4 Qf6 31. Qxf6 exf6 32. Rc1 Bc8 33. Rxc7
Bd7 34. Rb7 Ra6 35. Bf1 Be8 36. Rb8 Kf7 37. Rxe8 1-0

[Event "France Jeunes Belfort 2017"]
[Site "Belfort"]
[Date "2017.04.20"]
[Round "6.4"]
[White "Bacrot, Alexandre"]
[Black "Poulet, Benoit"]
[Result "1/2-1/2"]
[ECO "B31"]
[WhiteElo "2143"]
[BlackElo "1837"]
[PlyCount "69"]
[EventDate "2017.??.??"]
[TimeControl "6000+1060"]
[WhiteClock "0:00:58"]
[BlackClock "0:10:47"]

1. e4 c5 2. Nf3 Nc6 3. Bb5 g6 4. O-O Bg7 5. c3 Nf6 6. Re1 O-O 7. d3 a6 8. Bxc6
dxc6 9. e5 Nd5 10. Na3 Qc7 11. h3 Rd8 12. Qe2 h6 13. Bd2 a5 14. Rad1 b6 15. Nb1
Qd7 16. Bc1 Ba6 17. b3 Nc7 18. c4 Ne6 19. Be3 Qc7 20. d4 cxd4 21. Nxd4 Nxd4 22.
Bxd4 c5 23. Bc3 e6 24. f3 Rxd1 25. Rxd1 Rd8 26. Rxd8+ Qxd8 27. Nd2 Bb7 28. Kf1
Qd7 29. a4 h5 30. Ke1 Qd8 31. Kd1 Bh6 32. Kc2 Qg5 33. Kb2 Qe3 34. Qxe3 Bxe3 35.
Nf1 1/2-1/2

[Event "France Jeunes Belfort 2017"]
[Site "Belfort"]
[Date "2017.04.20"]
[Round "6.4"]
[White "Bartels, Karina"]
[Black "Bellahcene, Anissa"]
[Result "1/2-1/2"]
[ECO "A00"]
[WhiteElo "1759"]
[BlackElo "1806"]
[PlyCount "123"]
[EventDate "2017.??.??"]
[TimeControl "6000+585"]
[WhiteClock "0:02:38"]
[BlackClock "0:03:19"]

1. Nc3 d5 2. e4 dxe4 3. Nxe4 e5 4. Bc4 Nc6 5. Nf3 Be7 6. d3 Nf6 7. Ng3 O-O 8.
O-O h6 9. c3 Nh7 10. Re1 Bf6 11. h3 Re8 12. Ne4 a6 13. Bb3 Bf5 14. Bc2 Qd7 15.
Be3 Rad8 16. Nc5 Qc8 17. Qe2 Ne7 18. Ne4 Nd5 19. Rad1 b6 20. Nh2 c5 21. Nf1 Qc6
22. Nfg3 Bg6 23. Qf3 Qe6 24. Bb3 Qc8 25. Bxd5 Rxd5 26. Nxf6+ Nxf6 27. Ne4 Nxe4
28. dxe4 Rxd1 29. Qxd1 Bxe4 30. Bc1 Qc6 31. f3 Bg6 32. Qe2 c4 33. Be3 Bd3 34.
Qf2 Re6 35. Rd1 Rg6 36. Kh1 e4 37. f4 Qa4 38. Rd2 Qb5 39. Bd4 Qc6 40. a3 Qe6
41. f5 Qd6 42. fxg6 Qxg6 43. Bxb6 f5 44. Qd4 f4 45. Rd1 e3 46. Bc5 e2 47. Re1
Qg5 48. Bd6 Qg3 49. Rxe2 Bxe2 50. Qd5+ Kh7 51. Qe4+ Qg6 52. Qxg6+ Kxg6 53. Bxf4
Kf5 54. Bd6 g6 55. g3 Ke4 56. a4 a5 57. Bc7 Bd1 58. Bxa5 Bxa4 59. Kg2 h5 60. h4
Kd3 61. Bb4 Kc2 62. Ba3 1/2-1/2

[Event "France Jeunes Belfort 2017"]
[Site "Belfort"]
[Date "2017.04.20"]
[Round "6.4"]
[White "Cavailles, Evan"]
[Black "Maugenest, Ghislain"]
[Result "1/2-1/2"]
[ECO "C06"]
[WhiteElo "1694"]
[BlackElo "1915"]
[PlyCount "107"]
[EventDate "2017.??.??"]
[TimeControl "6000+545"]
[WhiteClock "0:20:46"]
[BlackClock "0:19:42"]

1. e4 e6 2. d4 d5 3. Nd2 Nf6 4. e5 Nfd7 5. Bd3 c5 6. c3 Nc6 7. Ne2 cxd4 8. cxd4
f6 9. exf6 Nxf6 10. O-O Bd6 11. Nf3 Qc7 12. Bg5 O-O 13. Bh4 Nh5 14. Qc2 h6 15.
Bh7+ Kh8 16. Bg6 Rxf3 17. Bxh5 Rf8 18. Bg3 Bxg3 19. hxg3 Qb6 20. Qd2 Bd7 21.
Rad1 Rac8 22. Nf4 Rf6 23. Rfe1 Ne7 24. Rc1 Rxc1 25. Rxc1 Nc6 26. Rd1 Kg8 27.
Bg4 Qc7 28. Re1 Qd6 29. a3 g5 30. Ne2 b6 31. Nc3 Na5 32. Be2 Be8 33. b4 Nc6 34.
Bf3 Bg6 35. Be2 Bf7 36. Bb5 Ne7 37. Nd1 Nf5 38. Ne3 Nxe3 39. Qxe3 Bg6 40. Qe5
Qxe5 41. Rxe5 Kf7 42. Re1 Bf5 43. Rc1 Kg7 44. Rc7+ Rf7 45. Rxf7+ Kxf7 46. Kf1
Kf6 47. f4 Be4 48. Kf2 Kf5 49. fxg5 Kxg5 50. Be2 Kf5 51. Bf3 Bc2 52. Ke3 Bb3
53. g4+ Kg5 54. g3 1/2-1/2

[Event "France Jeunes Belfort 2017"]
[Site "Belfort"]
[Date "2017.04.20"]
[Round "6.4"]
[White "Coiffait, Pierre-Basile"]
[Black "Guehtar, Sofiane"]
[Result "1/2-1/2"]
[ECO "B27"]
[WhiteElo "2193"]
[BlackElo "1977"]
[PlyCount "167"]
[EventDate "2017.??.??"]
[TimeControl "6000+1565"]
[WhiteClock "0:01:10"]
[BlackClock "0:01:51"]

1. e4 c5 2. Nf3 g6 3. d4 Bg7 4. c4 Qa5+ 5. Nc3 Nc6 6. Be3 Nf6 7. d5 Nxe4 8.
dxc6 Nxc3 9. Qd2 b6 10. Bd3 dxc6 11. O-O Na4 12. b3 Nc3 13. Rfe1 O-O 14. Bh6 b5
15. a3 Bf6 16. Ne5 Re8 17. Bf4 Bg7 18. Nxc6 Qb6 19. Nxe7+ Rxe7 20. Rxe7 Be6 21.
Re1 Bf6 22. Bg5 Bg7 23. Rc1 b4 24. axb4 cxb4 25. Re1 Qd6 26. Qe3 h6 27. Rxe6
Qxe6 28. Qxe6 fxe6 29. Be7 Kf7 30. Bxb4 Rb8 31. Bc5 Rxb3 32. Bxa7 Ra3 33. Bc5
Ra5 34. Bb6 Ra3 35. Bc5 Ra5 36. Be3 Na4 37. g3 Nc5 38. Bf1 g5 39. Rb1 Bf8 40.
Rb8 Bd6 41. Rb6 Be7 42. Rc6 Nd7 43. Rc7 Ne5 44. Kg2 Ra4 45. Bc5 Ng6 46. Bd3 Kf6
47. Bxe7+ Nxe7 48. Bc2 Ra3 49. Be4 Rc3 50. h3 Rc1 51. Kf3 Rc3+ 52. Ke2 Rc1 53.
Kd2 Ra1 54. Ke3 Re1+ 55. Kd3 Rd1+ 56. Ke2 Rc1 57. Bb7 Nf5 58. Kf3 Rc3+ 59. Kg2
Nd6 60. Ba6 Rc2 61. Kf3 Rc3+ 62. Ke2 Rc2+ 63. Ke3 Rc3+ 64. Kd2 Ne4+ 65. Ke2 Ke5
66. Bb7 Nd6 67. c5 Nxb7 68. Rxb7 Rxc5 69. Rh7 Ke4 70. Rxh6 Rc2+ 71. Kf1 Rc1+
72. Kg2 Ke5 73. Kf3 Rc4 74. g4 Rc3+ 75. Kg2 Rc5 76. Kf3 Rc3+ 77. Kg2 Rc5 78. f3
Kf4 79. Rf6+ Ke5 80. Rf8 Kd6 81. Rh8 Ke7 82. Kg3 Rc3 83. Rh7+ Kf6 84. Ra7
1/2-1/2

[Event "France Jeunes Belfort 2017"]
[Site "Belfort"]
[Date "2017.04.20"]
[Round "6.4"]
[White "Croisille, Shanti"]
[Black "Peyssonneaux, Salome"]
[Result "0-1"]
[ECO "B72"]
[WhiteElo "1539"]
[BlackElo "1428"]
[PlyCount "90"]
[EventDate "2017.??.??"]
[TimeControl "6000+995"]
[WhiteClock "0:07:03"]
[BlackClock "0:12:06"]

1. e4 c5 2. Nf3 d6 3. d4 cxd4 4. Nxd4 Nf6 5. Nc3 g6 6. Be3 a6 7. f3 b5 8. Qd2
Bb7 9. O-O-O Nbd7 10. g4 Nb6 11. Bh6 Bxh6 12. Qxh6 Rc8 13. Qe3 Qc7 14. Qd2 b4
15. Nce2 a5 16. Ng3 Nc4 17. Bxc4 Qxc4 18. Kb1 O-O 19. Rc1 e5 20. Nde2 d5 21.
Qd3 dxe4 22. Qxc4 Rxc4 23. b3 Rc7 24. fxe4 Nxg4 25. c3 Nf2 26. cxb4 Rxc1+ 27.
Rxc1 axb4 28. Rc4 Nd3 29. Kc2 Rd8 30. h3 Ba6 31. Rc6 Ne1+ 32. Kc1 Bc8 33. Rb6
Nd3+ 34. Kc2 Bxh3 35. Nc1 Nxc1 36. Kxc1 Rd4 37. Rb5 f6 38. Rb8+ Kg7 39. Rb7+
Kh6 40. Rb6 Kg5 41. Rc6 h5 42. Rc4 Be6 43. Rxd4 exd4 44. Kd2 Kf4 45. Ne2+ Kxe4
0-1

[Event "France Jeunes Belfort 2017"]
[Site "Belfort"]
[Date "2017.04.20"]
[Round "6.4"]
[White "Grall, Alba"]
[Black "Belluire, Beatrice"]
[Result "0-1"]
[ECO "B01"]
[WhiteElo "1664"]
[BlackElo "1786"]
[PlyCount "100"]
[EventDate "2017.??.??"]
[TimeControl "6000+985"]
[WhiteClock "0:00:32"]
[BlackClock "0:11:46"]

1. e4 d5 2. exd5 Nf6 3. Nc3 Nxd5 4. Bc4 Nb6 5. Bb3 Nc6 6. Qf3 e6 7. Nge2 Be7 8.
d3 O-O 9. Bd2 e5 10. O-O Bd7 11. Ng3 a5 12. Qd1 Nd4 13. Nce2 Bg4 14. f3 Bc5 15.
Nxd4 Bxd4+ 16. Kh1 Bd7 17. c3 Bc5 18. Ne4 Be7 19. a4 Bc6 20. Be3 Nd5 21. Qe2
Kh8 22. Bxd5 Qxd5 23. Rfd1 f5 24. c4 Qf7 25. Nc3 Rae8 26. Qf1 Qh5 27. d4 exd4
28. Bxd4 Bd6 29. f4 Qg4 30. Be5 Bxe5 31. fxe5 Rxe5 32. Re1 Rfe8 33. Nd5 Rxe1
34. Rxe1 Rxe1 35. Qxe1 Qxc4 36. Nxc7 Qe4 37. Qxe4 fxe4 38. Kg1 Bxa4 39. Kf2 Bc6
40. Ne6 Kg8 41. g3 Kf7 42. Nd4 Kf6 43. Ke3 Ke5 44. Ne2 b5 45. Nc3 b4 46. Ne2 a4
47. Nd4 Bd5 48. Nc2 a3 49. bxa3 b3 50. Kd2 b2 0-1

[Event "France Jeunes Belfort 2017"]
[Site "Belfort"]
[Date "2017.04.20"]
[Round "6.4"]
[White "Heliot, Xabi"]
[Black "Eugene, Floryan"]
[Result "1-0"]
[ECO "E63"]
[WhiteElo "2081"]
[BlackElo "2271"]
[PlyCount "105"]
[EventDate "2017.??.??"]
[TimeControl "6000+1935"]
[WhiteClock "0:04:56"]
[BlackClock "0:14:25"]

1. c4 Nf6 2. Nf3 g6 3. g3 Bg7 4. Bg2 O-O 5. Nc3 d6 6. O-O Nc6 7. d4 a6 8. Qc2
Rb8 9. Rd1 Bd7 10. Nd5 b5 11. Nxf6+ Bxf6 12. Bh6 Re8 13. c5 d5 14. Ne5 e6 15.
Bf4 g5 16. Nxc6 Bxc6 17. Be5 Bg7 18. Bxg7 Kxg7 19. b4 Qf6 20. e3 Rbd8 21. Qe2
e5 22. Qb2 e4 23. Qe2 Bd7 24. Qh5 Bf5 25. a4 Rb8 26. axb5 Rxb5 27. Bf1 Rxb4 28.
Rxa6 c6 29. g4 Bg6 30. Qh3 h5 31. Rb6 Rb8 32. Rxb8 Rxb8 33. Qg3 Rb2 34. h3 hxg4
35. hxg4 Qe6 36. Ra1 f6 37. Bh3 Qc8 38. Ra7+ Rb7 39. Rxb7+ Qxb7 40. Bf1 Qb1 41.
Qc7+ Bf7 42. Qxc6 f5 43. Qd7 f4 44. Qf5 fxe3 45. Qxg5+ Kf8 46. fxe3 Qc1 47. Qf4
Kg8 48. Kg2 Be6 49. Kg3 Qd1 50. Kh4 Kh7 51. Kg5 Qb3 52. Qc7+ Kh8 53. Kf6 1-0

[Event "France Jeunes Belfort 2017"]
[Site "Belfort"]
[Date "2017.04.20"]
[Round "6.4"]
[White "Lever, Erwan"]
[Black "Bouvet, Florian"]
[Result "1/2-1/2"]
[ECO "D85"]
[WhiteElo "2129"]
[BlackElo "2183"]
[PlyCount "78"]
[EventDate "2017.??.??"]
[TimeControl "6000+1190"]
[WhiteClock "0:10:12"]
[BlackClock "0:05:07"]

1. d4 Nf6 2. c4 g6 3. Nc3 d5 4. cxd5 Nxd5 5. e4 Nxc3 6. bxc3 Bg7 7. Qa4+ Nd7 8.
Nf3 O-O 9. Be2 c6 10. O-O Qc7 11. Be3 e5 12. Rac1 b6 13. dxe5 Re8 14. c4 Bb7
15. c5 Bf8 16. cxb6 axb6 17. Qb3 Nc5 18. Bxc5 Bxc5 19. Rfd1 Ra3 20. Qc2 Qe7 21.
h4 Rea8 22. Bc4 Ba6 23. Bb3 Bc8 24. Ng5 Be6 25. Nxe6 fxe6 26. Qc4 Re8 27. g3
Ra7 28. Rc2 g5 29. hxg5 Qxg5 30. Qc3 Rg7 31. Kg2 h5 32. Rcd2 h4 33. Rd7 Rg6 34.
R1d3 h3+ 35. Kxh3 Bxf2 36. Kg2 Bc5 37. Rf3 Qh5 38. Rf6 Qe2+ 39. Kh3 Qh5+
1/2-1/2

[Event "France Jeunes Belfort 2017"]
[Site "Belfort"]
[Date "2017.04.20"]
[Round "6.4"]
[White "Rozec, Mialy"]
[Black "Tomasi, Elise"]
[Result "1-0"]
[ECO "E06"]
[WhiteElo "1289"]
[BlackElo "1761"]
[PlyCount "123"]
[EventDate "2017.??.??"]
[TimeControl "6000+1320"]
[WhiteClock "0:01:11"]
[BlackClock "0:05:45"]

1. d4 d5 2. Nf3 e6 3. c4 Be7 4. g3 Nf6 5. Bg2 O-O 6. O-O b6 7. cxd5 exd5 8. Ne5
Bb7 9. Nc3 Nbd7 10. Qa4 Nxe5 11. dxe5 Ne8 12. Rd1 c6 13. e4 b5 14. Nxb5 cxb5
15. Qxb5 Bc8 16. exd5 Bd7 17. Qe2 Rb8 18. Qe3 Qb6 19. d6 Bd8 20. b3 g6 21. Re1
Ng7 22. Bb2 Qxe3 23. Rxe3 Bb6 24. Ree1 Rfe8 25. Rac1 Ne6 26. Bc6 Nf8 27. Kg2
Rbd8 28. f4 Ne6 29. b4 Nd4 30. Bxd7 Rxd7 31. Re4 Nf5 32. Kf3 Kf8 33. g4 Ng7 34.
Rc6 Ne6 35. a4 Rb8 36. Rec4 Ke8 37. h4 h6 38. f5 Ng7 39. e6 fxe6 40. Bxg7 Rxg7
41. fxe6 Bd8 42. e7 Bxe7 43. dxe7 Rxe7 44. Rxg6 Kf7 45. Rxh6 Rf8 46. Rf4+ Kg7
47. Rxf8 Kxf8 48. g5 Rb7 49. b5 Kg7 50. Rf6 Rc7 51. h5 Rc5 52. h6+ Kh7 53. Kg4
Rc1 54. Kf5 Rc5+ 55. Kg4 Rc1 56. Rf7+ Kg8 57. Rxa7 Rg1+ 58. Kf5 Rd1 59. g6 Rd5+
60. Ke6 Rd8 61. Re7 Kh8 62. b6 1-0

[Event "France Jeunes Belfort 2017"]
[Site "Belfort"]
[Date "2017.04.20"]
[Round "6.5"]
[White "Caloone, Thomas"]
[Black "Sarafian, Thomas"]
[Result "1/2-1/2"]
[ECO "C47"]
[WhiteElo "2149"]
[BlackElo "1892"]
[PlyCount "179"]
[EventDate "2017.??.??"]
[TimeControl "6000+930"]
[WhiteClock "0:05:18"]
[BlackClock "0:11:13"]

1. e4 e5 2. Nf3 Nc6 3. Nc3 Nf6 4. d4 Bb4 5. Nxe5 O-O 6. Nxc6 dxc6 7. Bd3 Qxd4
8. O-O Bxc3 9. bxc3 Qxc3 10. Rb1 Qe5 11. Qf3 b6 12. Bf4 Qe7 13. c4 Nd7 14. Qg3
f6 15. Bxc7 Ne5 16. Bxe5 fxe5 17. f4 Qc5+ 18. Kh1 exf4 19. Rxf4 Rxf4 20. Qxf4
Be6 21. e5 Rf8 22. Qh4 Bf5 23. Bxf5 Rxf5 24. e6 Qf8 25. h3 Re5 26. Re1 Rxe1+
27. Qxe1 Qe7 28. Qe5 Kf8 29. Qb8+ Qe8 30. Qd6+ Qe7 31. Qxc6 g6 32. Qd5 Qc7 33.
Qf3+ Ke8 34. Qf6 Qe7 35. Qe5 g5 36. Kh2 Qc5 37. Qh8+ Ke7 38. Qxh7+ Kxe6 39.
Qe4+ Kf6 40. Kg3 Qd6+ 41. Kg4 Qd7+ 42. Kf3 Qd1+ 43. Qe2 Qd4 44. g3 a5 45. Kg2
Kg6 46. Qc2+ Kh6 47. Kf3 Qf6+ 48. Kg2 Qd4 49. Qe2 Qf6 50. Qd2 Qc6+ 51. Qd5 Qf6
52. Qb5 Qd4 53. Qc6+ Kg7 54. Qd5 Qf6 55. a4 Kh6 56. Qd3 Kg7 57. Qf3 Qd4 58.
Qb7+ Kh6 59. Qc6+ Kg7 60. h4 gxh4 61. gxh4 Qg4+ 62. Kf1 Qf4+ 63. Ke2 Qg4+ 64.
Kd3 Qd1+ 65. Kc3 Qa1+ 66. Kc2 Qa2+ 67. Kd3 Qf2 68. Qc7+ Kh6 69. Qe7 Qf1+ 70.
Qe2 Qf5+ 71. Qe4 Qd7+ 72. Qd4 Qxa4 73. Qxb6+ Kg7 74. Kc3 Qa3+ 75. Kc2 Kh7 76.
c5 Qa4+ 77. Kc3 Qxh4 78. c6 Qf6+ 79. Kb3 Qe6+ 80. Ka4 Qa2+ 81. Kb5 Qe2+ 82.
Kxa5 Qa2+ 83. Kb4 Qb2+ 84. Kc5 Qf2+ 85. Kb5 Qe2+ 86. Ka4 Qa2+ 87. Kb4 Qb2+ 88.
Ka5 Qa2+ 89. Kb5 Qe2+ 90. Kc5 1/2-1/2

[Event "France Jeunes Belfort 2017"]
[Site "Belfort"]
[Date "2017.04.20"]
[Round "6.6"]
[White "Greiner, Leon"]
[Black "Daeschler, Florian"]
[Result "0-1"]
[ECO "D04"]
[WhiteElo "1818"]
[BlackElo "2124"]
[PlyCount "62"]
[EventDate "2017.??.??"]
[TimeControl "6000+1180"]
[WhiteClock "0:14:15"]
[BlackClock "0:27:45"]

1. d4 Nf6 2. Nf3 d5 3. e3 c6 4. Nbd2 Bf5 5. c4 e6 6. Qb3 Qb6 7. Ne5 Be7 8. Be2
O-O 9. O-O Nbd7 10. Ndf3 Rfe8 11. Bd2 Nxe5 12. Nxe5 Ne4 13. Be1 Qc7 14. f3 Nc5
15. Qc3 Nd7 16. Nxd7 Qxd7 17. Bf2 a5 18. b3 Bf6 19. Bd3 e5 20. Bxf5 Qxf5 21.
Rfe1 e4 22. Qc2 Qh5 23. g4 Qh3 24. f4 Qxg4+ 25. Bg3 c5 26. Rad1 cxd4 27. exd4
h5 28. Qe2 Qf5 29. cxd5 e3 30. Qd3 Qxd3 31. Rxd3 h4 0-1

[Event "France Jeunes Belfort 2017"]
[Site "Belfort"]
[Date "2017.04.21"]
[Round "7.1"]
[White "Conti, Anne-Marie"]
[Black "Breysse, Astrid"]
[Result "1-0"]
[ECO "D11"]
[WhiteElo "1712"]
[BlackElo "1547"]
[PlyCount "71"]
[EventDate "2017.??.??"]
[TimeControl "6000+990"]
[WhiteClock "0:04:18"]
[BlackClock "0:12:52"]

1. d4 d5 2. c4 c6 3. Nf3 Nf6 4. g3 Bf5 5. a3 e6 6. Bg2 Be7 7. O-O O-O 8. Re1
Nbd7 9. cxd5 cxd5 10. Nc3 Rb8 11. Bf4 Rc8 12. Nh4 Bg4 13. h3 Bh5 14. Qd2 Ne4
15. Nxe4 dxe4 16. g4 Bxg4 17. hxg4 Bxh4 18. Bxe4 Nf6 19. Bf3 Nd5 20. Bxd5 Qxd5
21. e4 Qb3 22. Re3 Qc2 23. Rd1 Rfd8 24. d5 exd5 25. exd5 Qg6 26. Qe2 h5 27. g5
Rc2 28. Rd2 Rc1+ 29. Kh2 Qb1 30. Qf3 g6 31. Rde2 Qf5 32. Re8+ Rxe8 33. Rxe8+
Kh7 34. Be5 Rc8 35. Qxf5 gxf5 36. Rxc8 1-0

[Event "France Jeunes Belfort 2017"]
[Site "Belfort"]
[Date "2017.04.21"]
[Round "7.1"]
[White "Degraeve, Remy"]
[Black "Harutyunyan, Ruben"]
[Result "0-1"]
[ECO "B23"]
[WhiteElo "2126"]
[BlackElo "2218"]
[PlyCount "72"]
[EventDate "2017.??.??"]
[TimeControl "6000+980"]
[WhiteClock "0:25:39"]
[BlackClock "0:02:36"]

1. e4 c5 2. Nc3 a6 3. g3 b5 4. a4 b4 5. Nd5 e6 6. Ne3 Bb7 7. Bg2 Nf6 8. d3 d6
9. Nf3 Nbd7 10. O-O Be7 11. Nc4 O-O 12. Re1 Qc7 13. b3 Ng4 14. Bf4 Nge5 15.
Nfxe5 dxe5 16. Bc1 a5 17. Bb2 Ba6 18. Ne3 Bg5 19. Qg4 Bxe3 20. Rxe3 Rfe8 21. f4
f6 22. f5 exf5 23. exf5 Bb7 24. Qh4 Bxg2 25. Kxg2 Nb6 26. Kf2 Qd7 27. Qh5 Nd5
28. Re4 Ne7 29. g4 Nd5 30. Rg1 Rad8 31. Qh4 h6 32. Rg3 Qa7 33. Ke1 Nf4 34. Kd1
c4 35. Rxc4 Qf2 36. Re4 Rc8 0-1

[Event "France Jeunes Belfort 2017"]
[Site "Belfort"]
[Date "2017.04.21"]
[Round "7.1"]
[White "Laurent-Paoli, Pierre"]
[Black "Philippe, Guillaume"]
[Result "1/2-1/2"]
[ECO "E12"]
[WhiteElo "2298"]
[BlackElo "2307"]
[PlyCount "156"]
[EventDate "2017.??.??"]
[TimeControl "6000+810"]
[WhiteClock "0:09:48"]
[BlackClock "0:05:25"]

1. d4 Nf6 2. c4 e6 3. Nf3 b6 4. Bf4 Bb7 5. e3 Bb4+ 6. Nbd2 Ne4 7. a3 Bxd2+ 8.
Nxd2 Nxd2 9. Qxd2 d6 10. f3 Qe7 11. Be2 O-O 12. O-O e5 13. Bg3 Nc6 14. Rfe1 f5
15. Bf1 Qf6 16. Bf2 f4 17. d5 fxe3 18. Bxe3 Ne7 19. b4 Nf5 20. Bd3 Nxe3 21.
Qxe3 a5 22. Be4 axb4 23. axb4 g6 24. c5 dxc5 25. bxc5 Rxa1 26. Rxa1 bxc5 27.
Qxc5 Qb6 28. Qf2 Rd8 29. Rc1 Qxf2+ 30. Kxf2 Bxd5 31. Bxd5+ Rxd5 32. Rxc7 h6 33.
Ke3 Ra5 34. Ke4 Kf8 35. g4 Kg8 36. Re7 Ra3 37. Rxe5 Kf7 38. Kf4 Ra4+ 39. Kg3
Kf6 40. Rb5 g5 41. Rb6+ Kg7 42. h4 Ra3 43. Rb7+ Kf6 44. h5 Ra6 45. Rh7 Ke5 46.
Rf7 Ke6 47. Rf5 Ra3 48. Rf8 Ke5 49. Re8+ Kd5 50. Re7 Rb3 51. Ra7 Rb6 52. Rg7
Ke5 53. Rg8 Ra6 54. Rf8 Ra3 55. Rd8 Ra6 56. Rb8 Rc6 57. Re8+ Kd5 58. Re3 Rf6
59. Ra3 Rb6 60. f4 gxf4+ 61. Kxf4 Ke6 62. Ra8 Rb4+ 63. Kg3 Kf7 64. Ra7+ Kg8 65.
Re7 Ra4 66. Kf3 Rb4 67. Re4 Rb1 68. Kf4 Rf1+ 69. Ke5 Kg7 70. Rf4 Re1+ 71. Kf5
Ra1 72. Re4 Rf1+ 73. Ke6 Ra1 74. Rd4 Re1+ 75. Kf5 Rf1+ 76. Ke5 Re1+ 77. Re4 Ra1
78. Rb4 Re1+ 1/2-1/2